 Dungeon Crawl Stone Soup version 0.18-a0-1800-gdc7a371 (webtiles) character file.

108 TheGoonsmith the Conjurer (level 4, -14/33 HPs)
             Began as a Draconian Conjurer on Apr 23, 2016.
             Was an Initiate of Ru.
             Killed from afar by a kobold (15 damage)
             ... with a wand of lightning
             ... on level 3 of the Dungeon.
             The game lasted 00:03:46 (2763 turns).

TheGoonsmith the Conjurer (Draconian Conjurer)      Turns: 2763, Time: 00:03:47

Health: -14/33     AC:  5    Str: 11    XL:     4   Next: 58%
Magic:  6/7        EV: 12    Int: 16    God:    Ru [......]
Gold:   72         SH:  0    Dex: 11    Spells: 2 memorised, 4 levels left

rFire  . . .     SeeInvis .     d - +0 dagger (drain)
rCold  . . .     Gourm    .     (armour unavailable)
rNeg   . . .     Faith    .     (no shield)
rPois  .         Spirit   .     (helmet restricted)
rElec  .         Dismiss  .     (no cloak)
rCorr  .         Reflect  .     (no gloves)
SustAt .         Harm     .     (no boots)
MR     .....                    (no amulet)
Stlth  ++........               (no ring)
                                (no ring)

@: not resistant to hostile enchantments, unstealthy
A: unfitting armour, cold-blooded, AC +5
a: Renounce Religion


You were on level 3 of the Dungeon.
You worshipped Ru.
Ru was noncommittal.
You were not hungry.

You visited 1 branch of the dungeon, and saw 3 of its levels.

You collected 72 gold pieces.

Inventory:

Hand Weapons
 d - a +0 dagger of draining (weapon)
Scrolls
 f - a scroll of identify {unknown}
 g - a scroll of random uselessness {unknown}
 i - a scroll of teleportation {unknown}
 k - 2 scrolls of amnesia {unknown}
Potions
 c - a potion of curing {unknown}
 e - a potion of magic {unknown}
 h - 2 potions of resistance {unknown}
 j - a potion of heal wounds {unknown}
 m - a potion of agility {unknown}
 o - a potion of berserk rage {unknown}
Books
 a - a book of Conjurations

   Spells                             Type                      Level
   a - Magic Dart                     Conjuration                  1
   b - Searing Ray                    Conjuration                  2
   c - Dazzling Spray                 Conjuration/Hexes            3
   d - Fulminant Prism                Conjuration/Hexes            4
   e - Iskenderun's Mystic Blast      Conjuration                  4
   f - Iskenderun's Battlesphere      Conjuration/Charms           5
Comestibles
 b - 3 bread rations
 l - 4 fruits


   Skills:
 - Level 1.7 Dodging
 - Level 1.7 Stealth
 + Level 2.1 Spellcasting
 - Level 6.0 Conjurations


You had 4 spell levels left.
You knew the following spells:

 Your Spells              Type           Power        Failure   Level  Hunger
a - Magic Dart            Conj           ###.         1%          1    #......
b - Searing Ray           Conj           ###...       2%          2    ###....


Dungeon Overview and Level Annotations

Branches:
Dungeon (3/15)

Altars:
Nemelex Xobeh
Ru


Innate Abilities, Weirdness & Mutations

Your plain brown scales are hard (AC +5).
Your body does not fit into most forms of armour.
You are cold-blooded and may be slowed by cold attacks.


Message History

The magic dart hits the worm.
You kill the worm!
You start resting.
Your magical contamination has completely faded away.
You start resting.
All of the chunks of flesh in your inventory have rotted away.
Magic restored.
You start resting.
A kobold comes into view. It is wielding a dagger.
Casting: Magic Dart
Confirm with . or Enter, or press ? or * to list all spells.
Aiming: Magic Dart
Press: ? - help, Shift-Dir - straight line, f - kobold
Aim: a kobold, wielding a dagger (hasn't noticed you)
The magic dart hits the kobold.
The kobold is moderately wounded.
The kobold zaps a wand.
The bolt of lightning hits you!
* * * LOW HITPOINT WARNING * * *
The bolt of lightning hits you!
You die...

.#####..##
.....)..#
.######.#
..######.#
.........#
#######..#
#†># #..#
#.@#
########..#
..........#
....K....##
##########


You could see a kobold.

Vanquished Creatures
  5 adders (D:2)
  4 worms
  2 dart slugs (D:2)
  6 giant cockroaches
  7 goblins
  7 hobgoblins
  2 jackals (D:1)
  A ball python (D:1)
  2 bats
  A giant newt (D:1)
  5 kobolds
  3 rats
45 creatures vanquished.

Vanquished Creatures (others)
  A plant (D:2)
1 creature vanquished.

Grand Total: 46 creatures vanquished

Notes
Turn   | Place    | Note
--------------------------------------------------------------
     0 | D:1      | TheGoonsmith the Draconian Conjurer began the quest for the Orb.
     0 | D:1      | Reached XP level 1. HP: 14/14 MP: 3/3
   395 | D:1      | Reached XP level 2. HP: 20/20 MP: 1/5
   555 | D:1      | Learned a level 2 spell: Searing Ray
  1083 | D:2      | Reached skill level 5 in Conjurations
  1083 | D:2      | Reached XP level 3. HP: 26/26 MP: 1/6
  1773 | D:2      | Reached XP level 4. HP: 24/33 MP: 1/7
  1855 | D:2      | Found a sacrificial altar of Ru.
  1922 | D:2      | Became a worshipper of Ru the Awakened
  1959 | D:2      | Found a faded altar to an unknown god.
  2526 | D:3      | Reached skill level 6 in Conjurations
  2657 | D:3      | Found a sparkling altar of Nemelex Xobeh.
  2763 | D:3      | HP: 1/33 [kobold/wand of lightning (15)]
  2763 | D:3      | Killed from afar by a kobold

Vault maps used:
D:1:      shiori_shiawase
D:2:      first_bread, ecumenical_altar_2, serial_bayou_pond_c,
          nicolae_ru_the_path_less_chosen
D:3:      lemuel_doored_altar, nemelex_xobeh_ov_fountains_minmay,
          minmay_goblin_outpost

Skill      XL: |  1  2  3  4 |
---------------+-------------+-----
Conjurations   | 5 6 |  6.0
Dodging        | |  1.7
Stealth        | |  1.7
Spellcasting   | |  2.1

Action                   |  1- 3 |  4- 6 || total
-------------------------+-------+-------++-------
Melee: Dagger            |     9 |    68 ||    77
       Tailslap          |       |    15 ||    15
 Cast: Magic Dart        |    69 |    41 ||   110
       Searing Ray       |     1 |       ||     1
  Eat: Chunk             |     2 |     4 ||     6
       Beef jerky        |     1 |       ||     1
Armor: Skin              |     5 |     2 ||     7
Dodge: Dodged            |     9 |     7 ||    16
